 Dungeon Crawl Stone Soup version 0.20.1-1-g8b1a95d (webtiles) character file.

87 Gargoyl the Skirmisher (level 4, -1/41 HPs)
             Began as a Minotaur Abyssal Knight on Aug 15, 2017.
             Was a Believer of Lugonu.
             Killed by nerve-wracking pain
             ... invoked by Grinder
              (12 damage)
             ... on level 3 of the Dungeon.
             The game lasted 00:05:30 (2605 turns).

Gargoyl the Skirmisher (Minotaur Abyssal Knight)    Turns: 2605, Time: 00:05:31

Health: -1/41      AC:  7    Str: 16    XL:     4   Next: 28%
Magic:  4/4        EV:  4    Int: 11    God:    Lugonu [**....]
Gold:   287        SH: 11    Dex: 11    Spells: 3/3 levels left

rFire    . . .     SeeInvis .   a - +2 hand axe
rCold    . . .     Gourm    .   g - +0 large shield
rNeg     . . .     Faith    .   m - +0 scale mail
rPois    .         Spirit   .   (helmet restricted)
rElec    +         Reflect  .   (no cloak)
rCorr    .         Harm     .   (no gloves)
MR       .....     Clarity  +   (no boots)
Stlth    ..........             (no amulet)
Regen    0.2/turn               (no ring)
MPRegen  0.1/turn               (no ring)

@: flying, very slightly contaminated, hasted, drained, invisible, very quick
A: retaliatory headbutt, horns 2, clarity, clever 1, shaggy fur 1, electricity
resistance
a: Depart the Abyss, Bend Space, Renounce Religion


You were on level 3 of the Dungeon.
You worshipped Lugonu.
Lugonu was pleased with you.
You were not hungry.

You visited 1 branch of the dungeon, and saw 3 of its levels.
You visited the Abyss 1 time.

You collected 287 gold pieces.

Inventory:

Hand Weapons
 a - a +2 hand axe (weapon)
Armour
 g - a +0 large shield (worn)
 m - a +0 scale mail (worn)
Wands
 f - a wand of confusion (44/48)
Scrolls
 e - 3 scrolls of identify
 l - a scroll of teleportation
Potions
 d - a potion of haste
 i - a potion of curing
Comestibles
 c - 2 bread rations
 h - 4 fruits
 n - 2 royal jellies
 o - 2 chunks of flesh


   Skills:
 + Level 4.5(4.1) Fighting
 + Level 2.8(2.5) Axes
 * Level 3.4(3.1) Armour
 + Level 1.5(1.2) Dodging
 + Level 0.5(0.2) Shields
 * Level 2.5(2.2) Invocations


You had 3 spell levels left.
You didn't know any spells.

Dungeon Overview and Level Annotations

Branches:
Dungeon (3/15)

Altars:
Ashenzari
Makhleb
Vehumet

Annotations:
D:3 Grinder; flt's ghost, amateur DsFE


Innate Abilities, Weirdness & Mutations

You reflexively headbutt those who attack you in melee.
You have a pair of horns on your head.
You possess an exceptional clarity of mind.
Your mind is acute. (Int +2)
You are covered in fur. (AC +1)
You are resistant to electric shocks. (rElec)


Message History

Fur sprouts all over your body.
You feel insulated.
Your thoughts seem clearer.
You block Grinder's attack.
You fade into invisibility!
Grinder blinks!
You are very lightly contaminated with residual magic.
You feel yourself speed up.
You hit Grinder.
Grinder is lightly wounded.
You hit Grinder. You headbutt Grinder!
Grinder is moderately wounded.
You block Grinder's attack.
You closely miss Grinder. You headbutt Grinder, but do no damage.
Grinder is moderately wounded.
Grinder hits you.
* * * LOW HITPOINT WARNING * * *
You hit Grinder.
Grinder is heavily wounded.
Grinder gestures at you. Pain shoots through your body!
You die...

##.#
#..#
#..##
#... #
#..#
#.#..#
#.#..###
#.5@.$.#
#...##.#
#...<#
#..#.#
#....#
#....#
#....#
#.....
#....#


You could see Grinder.

Vanquished Creatures
  An adder (D:2)
  An ooze (D:2)
  3 dart slugs
  5 leopard geckos
  6 orcs
  A ball python (D:1)
  6 bats
  2 giant cockroaches (D:2)
  9 goblins
  5 hobgoblins
  A jackal (D:3)
  7 kobolds
  A quokka (D:2)
  A frilled lizard (D:2)
  6 rats
55 creatures vanquished.

Notes
Turn   | Place    | Note
-------+----------+-------------------------------------------
     0 | Abyss:1  | Gargoyl the Minotaur Abyssal Knight began the quest for the Orb.
     0 | Abyss:1  | Reached XP level 1. HP: 19/19 MP: 1/1
    42 | Abyss:1  | Noticed a quasit
   116 | Abyss:2  | Noticed a large abomination
   131 | D:1      | Escaped the Abyss
   242 | D:1      | Reached XP level 2. HP: 25/27 MP: 2/2
   249 | D:1      | Reached skill level 4 in Fighting
   311 | D:1      | Reached * piety under Lugonu
   996 | D:2      | Reached XP level 3. HP: 25/34 MP: 3/3
  1464 | D:2      | Found a shattered altar of Ashenzari.
  1704 | D:2      | Found a faded altar of an unknown god.
  1719 | D:2      | Reached ** piety under Lugonu
  1719 | D:2      | Reached XP level 4. HP: 39/41 MP: 4/4
  1976 | D:2      | Found a burning altar of Makhleb.
  1976 | D:2      | Found a radiant altar of Vehumet.
  2191 | D:3      | Noticed flt's ghost (amateur DsFE)
  2584 | D:3      | Noticed Grinder
  2589 | D:3      | Paralysed by Grinder for 7 turns
  2594 | D:3      | HP: 2/41 [Grinder (4)]
  2598 | D:3      | Gained mutation: You are dopey. (Int -2) [potion of mutation]
  2598 | D:3      | Gained mutation: You have sharp fingernails. [potion of mutation]
  2598 | D:3      | Lost mutation: You are dopey. (Int -2) [potion of mutation]
  2599 | D:3      | Lost mutation: You have sharp fingernails. [potion of mutation]
  2599 | D:3      | Gained mutation: Your mind is acute. (Int +2) [potion of mutation]
  2599 | D:3      | Gained mutation: You are covered in fur. (AC +1) [potion of mutation]
  2599 | D:3      | Gained mutation: You are resistant to electric shocks. (rElec) [potion of mutation]
  2599 | D:3      | Gained mutation: You possess an exceptional clarity of mind. [potion of mutation]
  2605 | D:3      | Killed from afar by Grinder

Skill      XL: |  1  2  3 |
---------------+----------+-----
Invocations    | 2 |  2.5
Fighting       | 4 |  4.5
Armour         | 3 |  3.4
Axes           | |  2.8
Dodging        | |  1.5
Shields        | |  0.5

Action                   |  1- 3 |  4- 6 || total
-------------------------+-------+-------++-------
Melee: Hand axe          |   108 |    43 ||   151
       Headbutt          |     9 |     5 ||    14
Invok: Depart the Abyss  |     1 |       ||     1
  Use: Scroll            |     7 |       ||     7
       Potion            |       |     6 ||     6
  Eat: Chunk             |     3 |       ||     3
       Bread ration      |       |     1 ||     1
Armor: Leather armour    |    13 |       ||    13
       Ring mail         |    22 |       ||    22
       Scale mail        |     7 |    14 ||    21
Dodge: Dodged            |    44 |    10 ||    54
Block: Large shield      |    45 |    20 ||    65
